Match 38963892
Unlisted

Match 38963892
End
Construct Infanterie Kompanie
Selects Luftwaffe Battlegroup
Selects Luftwaffe Pioneer Support
Fallschirmpioneer Squad Paradrop
Grenadier Squad
Grenadier Squad
Grenadier Squad
Medical Bunker
Selects LG40 Recoilless Gun Paradrop
Construct Luftwaffe Kompanie
MG 42 Machine Gun Team
Jäger Squad
LG40 Recoilless Gun Paradrop
GrW 34 Mortar Team
Luftwaffe Officer Quarters
Construct Panzer Kompanie
Selects Infantry Reserves
LG40 Recoilless Gun Paradrop
Panzer IV Medium Tank
Selects Reconnaissance Run
Selects Fallschirmjäger Squad Paradrop
Selects Stuka Loiter
Panzer IV Medium Tank
Support Elements
Stuka Loiter
Marder III M Tank Destroyer
Marder III M Tank Destroyer
Marder III M Tank Destroyer
Sturmpanzer IV Brummbär
Stuka Loiter
flyingpancake
BIOHAZARD
0
0

Comments sign in to comment!

No comments posted yet!